AoeStats
← ChayanDB

Arabia

509668320Analyzed
1v1 RM · 5d ago on Sep 27, 2026· 41m 33s· 2 players
Game mode
Random Map
Map size
Tiny (2 player)
Population
200
Speed
Normal
Resources
Standard
Victory
Conquest
Starting age
Dark Age
Ending age
Imperial Age
RankedLock teamsTeams togetherTeam positionsShared explorationLock speedFull tech treeHidden civsTurbo modeCheats
Victory
Defeat
🇬🇧 Vietnamese · United Kingdom
1155
+17
🇧🇩 Varangians · Bangladesh
1184
-17
SimoniacTrout72
7:12 Loom
9:37 Feudal Age
18:30 Castle Age
16:52 Double-Bit Axe
17:42 Fletching
20:23 Ballistics
20:35 Crossbowman
26:29 Bodkin Arrow
27:43 Town Watch
29:17 Padded Archer Armor
29:27 Forging
30:07 Gold Mining
31:14 Stone Mining
32:47 Thumb Ring
33:00 Leather Archer Armor
33:25 Horse Collar
35:01 Stone Shaft Mining
35:04 Wheelbarrow
39:41 Imperial Age
39:48 Arbalester
41:31 Chemistry
42:04 Town Patrol
ChayanDB
7:09 Loom
9:13 Feudal Age
10:11 Double-Bit Axe
10:08 Horse Collar
13:34 Bloodlines
20:10 Castle Age
18:46 Fletching
18:54 Horse Collar
20:49 Bodkin Arrow
22:01 Husbandry
22:38 Padded Archer Armor
23:59 Leather Archer Armor
24:40 Ballistics
25:51 Scale Barding Armor
27:10 Chain Barding Armor
29:38 Wheelbarrow
30:42 Forging
30:50 Vendel Legacy
37:40 Iron Casting
40:47 Arson
41:08 Squires
Connection lost

Rejoining the realm…

Still unreachable

The connection could not be restored.

Session expired

The server has moved on; the page needs a fresh start.